 Dungeon Crawl Stone Soup version 0.31-a0-960-g0fca184906 (webtiles) character file.

Game seed: 9113749440947429256

3818696 RepoMan the Heavyweight Champion (level 27, 306/306 HPs)
             Began as a Troll Fighter on Oct 22, 2023.
             Was the Champion of Wu Jian.
             Escaped with the Orb
             ... and 5 runes on Oct 23, 2023!
             The game lasted 06:16:35 (55869 turns).

RepoMan the Heavyweight Champion (Troll Fighter)   Turns: 55869, Time: 06:16:36

Health: 306/306    AC: 20    Str: 45    XL:     27
Magic:  26/26      EV: 14    Int:  5    God:    Wu Jian [******]
Gold:   6526       SH: 20    Dex: 13    Spells: 28/32 levels left

rFire   + .          .
                       - Unarmed
rCold   + + .        d - +0 tower shield
rNeg    + + +        p - +7 faerie dragon scales {+Blink rCorr Str+3 Int-3 Dex+4}
rPois   ∞            E - +2 hood of the Assassin {Detect Stab+ Stlth++}
rElec   +            D - +2 cloak {Stlth+}
rCorr   +            (gloves unavailable)
SInv    .            (boots unavailable)
Will    ++++.        f - amulet of Vampiric Thralls {Spirit rElec rC+ Str+4}
Stlth   +++          h - ring of Starshine {Will+ Slay+2}
HPRegen 1.51/turn    N - ring of protection from fire
MPRegen 0.20/turn

%: guardian spirit
@: death-form, studying 2 skills
A: vile attack, torment immunity, no potions, large, unfitting armour, claws 3,
regeneration 1, shaggy fur 1, tough skin 1
0: Orb of Zot
}: 5/15 runes: barnacled, slimy, silver, golden, gossamer
a: Siphon Essence, Begin Untransformation, Renounce Religion, Evoke Blink, Wall
Jump, Serpent's Lash, Heavenly Storm


You escaped.
You worshipped Wu Jian.
Wu Jian was exalted by your worship.
You were an undying horror.
You visited 13 branches of the dungeon, and saw 59 of its levels.
You visited 1 ziggurat, and saw 7 of its levels.
You also visited: Trove, Bailey, Ice Cave and Desolation.

You collected 10504 gold pieces.
You spent 3978 gold pieces at shops.

Inventory:

Missiles
 H - 6 throwing nets
 L - 16 curare-tipped darts
Armour
 c - the +4 kite shield "Usie" {rF+ rCorr Dex-5 Stlth+}
   (You acquired it on level 3 of the Realm of Zot)

   Dex-5:     It affects your dexterity (-5).
   rF+:       It protects you from fire.
   rCorr:     It protects you from acid and corrosion.
   Stlth+:    It makes you more stealthy.
 d - a +0 tower shield (worn)
 p - the +7 faerie dragon scales (worn) {+Blink rCorr Str+3 Int-3 Dex+4}
   (You took it off the Enchantress on level 1 of the Depths)

   Str+3:     It affects your strength (+3).
   Int-3:     It affects your intelligence (-3).
   Dex+4:     It affects your dexterity (+4).
   +Blink:    It lets you blink.
   rCorr:     It protects you from acid and corrosion.
 y - the +3 troll leather armour "Qeptosti" {Rampage Will+ Regen+}
   (You found it in the Desolation of Salt)

   Will+:     It increases your willpower.
   Regen+:    It increases your rate of health regeneration.
   Rampage:   It bestows one free step when moving towards enemies.
 D - a +2 cloak of stealth (worn)
 E - the +2 hood of the Assassin (worn) {Detect Stab+ Stlth++}
   (You found it on level 4 of the Spider Nest)

   Detect:    It allows the wearer to sense nearby creatures.
   Stab+:     It allows the wearer to make particularly effective stabbing
   attacks against helpless or unaware enemies with any weapon.
   Stlth++:   It makes you much more stealthy.
Jewellery
 a - a ring of protection from cold
 b - a +6 ring of intelligence
 f - the amulet of Vampiric Thralls (around neck) {Spirit rElec rC+ Str+4}
   (You found it on level 3 of the Crypt)

   [amulet of guardian spirit]

   Spirit:    It causes incoming damage to be divided between your reserves of
   health and magic.
   Str+4:     It affects your strength (+4).
   rC+:       It protects you from cold.
   rElec:     It insulates you from electricity.
 g - the ring "Tiogoh" {Int+2 SInv}
   (You found it in a treasure trove)

   [ring of see invisible]

   Int+2:     It affects your intelligence (+2).
   SInv:      It lets you see invisible.
 h - the ring of Starshine (left claw) {Will+ Slay+2}
   (You found it on level 3 of the Realm of Zot)

   [ring of willpower]

   Slay+2:    It affects your accuracy & damage with ranged weapons and melee
   (+2).
   Will+:     It increases your willpower.
 v - an amulet of regeneration
 A - the ring "Zemmoici" {rElec rN+ Dex+6 Stlth+}
   (You acquired it on level 2 of the Realm of Zot)

   [ring of dexterity]

   Dex+6:     It affects your dexterity (+6).
   rElec:     It insulates you from electricity.
   rN+:       It protects you from negative energy.
   Stlth+:    It makes you more stealthy.
 N - a ring of protection from fire (right claw)
 Z - the ring of Nucvail {Fly rElec Int+3 Slay-5 Stlth+}
   (You found it on level 3 of the Elven Halls)

   [ring of flight]

   Int+3:     It affects your intelligence (+3).
   Slay-5:    It affects your accuracy & damage with ranged weapons and melee
   (-5).
   rElec:     It insulates you from electricity.
   Fly:       It grants you flight.
   Stlth+:    It makes you more stealthy.
Talismans
 x - a talisman of death (active)
Wands
 t - a wand of flame (121) (quivered)
 I - a wand of quicksilver (35)
 V - a wand of iceblast (68)
 X - a wand of charming (46)
 Y - a wand of digging (3)
Scrolls
 j - 10 scrolls of poison
 l - 13 scrolls of teleportation
 m - 10 scrolls of vulnerability
 n - 8 scrolls of fog
 r - 13 scrolls of fear
 B - 8 scrolls of enchant armour
 C - 8 scrolls of revelation
 O - 11 scrolls of immolation
 Q - 2 scrolls of identify
 S - 3 scrolls of silence
 U - a scroll of blinking
Potions
 e - 4 potions of magic
 k - 39 potions of curing
 o - 8 potions of brilliance
 s - 4 potions of haste
 u - 14 potions of mutation
 w - 4 potions of invisibility
 z - 6 potions of ambrosia
 F - 17 potions of heal wounds
 J - 5 potions of cancellation
 K - 7 potions of might
 M - 2 potions of berserk rage
 P - 7 potions of enlightenment
 W - 4 potions of resistance
Miscellaneous
 q - a lightning rod (4/4)
 G - a phantom mirror
 R - a figurine of a ziggurat
 T - a tin of tremorstones (2/2)


   Skills:
 * Level 23.4 Fighting
 - Level 13.3 Dodging
 + Level 10.1 Stealth
 - Level 17.7 Shields
 O Level 27 Unarmed Combat
 - Level 3.3 Spellcasting
 - Level 6.6 Translocations
 - Level 25.5 Shapeshifting


You had 28 spell levels left.
You knew the following spells:

 Your Spells              Type           Power      Damage    Failure   Level
b - Blink                 Tloc           14%        N/A       6%          2
l - Lesser Beckoning      Tloc           14%        N/A       6%          2

Your spell library contained the following spells:

 Spells                   Type           Power      Damage    Failure   Level
 Momentum Strike          Conj/Tloc      8%         3d8       26%         2
 Manifold Assault         Tloc           7%         N/A       38%         4
 Passage of Golubria      Tloc           7%         N/A       38%         4
 Volatile Blastmotes      Fire/Tloc      8%         2d10      45%         3
 Foxfire                  Conj/Fire      0%         2x1d4     54%         1
 Freeze                   Ice            0%         1d3       54%         1
 Magic Dart               Conj           0%         1d3       54%         1
 Necrotise                Necr           0%         1d4       54%         1
 Sandblast                Erth           0%         2d4       54%         1
 Shock                    Conj/Air       0%         1d3       54%         1
 Sting                    Tmut/Pois      0%         1d3       54%         1
 Summon Small Mammal      Summ           0%         N/A       54%         1
 Call Imp                 Summ           0%         N/A       69%         2
 Cigotuvi's Dreadful Rot  Necr/Pois/Air  0%         N/A       69%         2
 Passwall                 Tmut/Erth      0%         N/A       69%         2
 Poisonous Vapours        Pois/Air       0%         N/A       69%         2
 Searing Ray              Conj           0%         2d4       69%         2
 Static Discharge         Conj/Air       0%         3-3/arc   69%         2
 Dimensional Bullseye     Hex/Tloc       2%         N/A       86%         4
 Iskenderun's Mystic Bla  Conj/Tloc      4%         2d3       86%         4
 Vhi's Electric Charge    Tloc/Air       8%         N/A       86%         4
 Call Canine Familiar     Summ           0%         N/A       89%         3
 Confusing Touch          Hex            0%         N/A       89%         3
 Dazzling Flash           Conj/Hex       0%         N/A       89%         3
 Frozen Ramparts          Ice            0%         1d1       89%         3
 Hailstorm                Conj/Ice       0%         3d3       89%         3
 Ignite Poison            Fire/Tmut/Pois 0%         N/A       89%         3
 Inner Flame              Hex/Fire       0%         N/A       89%         3
 Mephitic Cloud           Conj/Pois/Air  0%         N/A       89%         3
 Ozocubu's Armour         Ice            0%         N/A       89%         3
 Sigil of Binding         Hex            0%         N/A       89%         3
 Stone Arrow              Conj/Erth      0%         3d7       89%         3
 Summon Guardian Golem    Hex/Summ       0%         N/A       89%         3
 Swiftness                Air            0%         N/A       89%         3
 Tukima's Dance           Hex            0%         N/A       89%         3
 Vampiric Draining        Necr           0%         2d6       89%         3
 Summon Forest            Summ/Tloc      2%         N/A       99%         5
 Airstrike                Air            0%         2d(0-16)  100%        4
 Anguish                  Hex/Necr       0%         N/A       100%        4
 Brom's Barrelling Bould  Conj/Erth      0%         2d3       100%        4
 Cause Fear               Hex            0%         N/A       100%        4
 Flame Wave               Conj/Fire      0%         2d4       100%        4
 Fulminant Prism          Conj/Hex       0%         3d5       100%        4
 Leda's Liquefaction      Hex/Erth       0%         N/A       100%        4
 Olgreb's Toxic Radiance  Pois           0%         N/A       100%        4
 Sticky Flame             Conj/Fire      0%         2d3       100%        4
 Summon Ice Beast         Ice/Summ       0%         N/A       100%        4
 Summon Lightning Spire   Summ/Air       0%         N/A       100%        4
 Agony                    Necr           0%         N/A       100%        5
 Alistair's Intoxication  Tmut/Pois      0%         N/A       100%        5
 Arcjolt                  Conj/Air       0%         1d10      100%        5
 Borgnjor's Vile Clutch   Necr/Erth      0%         N/A       100%        5
 Freezing Cloud           Conj/Ice/Air   0%         6-21      100%        5
 Iskenderun's Battlesphe  Conj           0%         2d6       100%        5
 Metabolic Englaciation   Hex/Ice        0%         N/A       100%        5
 Silence                  Hex/Air        0%         N/A       100%        5
 Summon Mana Viper        Hex/Summ       0%         N/A       100%        5
 Yara's Violent Unravell  Hex/Tmut       0%         3d3       100%        5
 Bombard                  Conj/Erth      0%         9d1       100%        6
 Dispersal                Tloc           3%         N/A       100%        6
 Eringya's Noxious Bog    Tmut/Pois      0%         4d6       100%        6
 Plasma Beam              Fire/Air       0%         2x1d10    100%        6
 Simulacrum               Ice/Necr       0%         N/A       100%        6
 Starburst                Conj/Fire      0%         6d3       100%        6
 Enfeeble                 Hex            0%         N/A       100%        7
 Haunt                    Necr/Summ      0%         N/A       100%        7
 Monstrous Menagerie      Summ           0%         N/A       100%        7
 Ozocubu's Refrigeration  Ice            0%         4d7       100%        7
 Spellforged Servitor     Conj/Summ      0%         N/A       100%        7
 Summon Hydra             Summ           0%         N/A       100%        7
 Discord                  Hex            0%         N/A       100%        8
 Disjunction              Tloc           3%         N/A       100%        8
 Ignition                 Fire           0%         3d3       100%        8
 Lehudib's Crystal Spear  Conj/Erth      0%         10d2      100%        8
 Maxwell's Capacitive Co  Air            0%         ∞         100%        8
 Chain Lightning          Conj/Air       0%         N/A       100%        9
 Fire Storm               Conj/Fire      0%         5d1       100%        9
 Polar Vortex             Ice            0%         N/A       100%        9
 Shatter                  Erth           0%         3d5*      100%        9


Dungeon Overview and Level Annotations

Branches:
Dungeon (15/15)            Temple (1/1) D:6            Lair (5/5) D:8
 Shoals (4/4) Lair:2       Spider (4/4) Lair:3        Slime (5/5) Lair:5
    Orc (2/2) D:10            Elf (3/3) Orc:2        Vaults (5/5) D:14
  Crypt (3/3) Vaults:2       Tomb (3/3) Crypt:3      Depths (4/4) D:15
    Zot (5/5) Depths:4     Bailey (visited)           IceCv (visited)
Desolation (visited)

Altars:
Ashenzari
Cheibriados
Dithmenos
Elyvilon
Fedhas
Gozag
Hepliaklqana
Kikubaaqudgha
Makhleb
Nemelex Xobeh
Okawaru
Qazlal
Ru
Sif Muna
Trog
Uskayaw
Vehumet
Wu Jian
Xom
Yredelemnul
Zin
The Shining One

Shops:
D:1 *   D:2 *   D:7 *   Orc:1 [   Orc:2 =***!   Elf:3 [!:*   Shoals:2 *
Vaults:1 [   Depths:4 :

Portals:
Hell: Depths:1 Depths:2 Depths:3 Depths:4
Abyss: Depths:3
Pandemonium: Depths:2 Depths:3

Annotations:
D:4 1 runed translucent door, Crazy Yiuf
D:10 4 transporters
Lair:1 2 transporters, flt's ghost, journeyman FeSh
Lair:4 3 runed translucent doors, Talonman3's ghost, journeyman KoSu
Elf:2 3 runed translucent doors
Vaults:2 2 transporters, Talonman3's ghost, adept TeAE
Zot:4 4 transporters


Innate Abilities, Weirdness & Mutations

You are an undying horror.
Your melee and unarmed attacks drain, slow and weaken victims.
You are immune to unholy pain and torment.
You cannot drink.
You are immune to poison.
You are too large for most types of armour.
You have claws for hands.
Your natural rate of healing is unusually fast.
You are covered in fur. (AC +1)
You have tough skin. (AC +1)


Message History

There is a stone staircase leading down here.
Aiming: Dig
Press: ? - help, Shift-Dir - straight line A rock wall.
This square is covered in magical glow.
The rock shatters into small pieces.
There is an escape hatch in the ceiling here.
A mysterious force pulls you upwards. The hatch slams shut behind you.
There is a stone staircase leading up here.
You climb upwards.
There is a stone staircase leading down here.
Okay, then.
You enter the shallow water.
You enter the shallow water.
A profane servitor comes into view. It is wielding a +2 whip.
The profane servitor moves out of view.
There is a stone staircase leading up here.
You climb upwards.
There is a stone staircase leading down here.
Blink to where?
Press: ? - help, Dir - move target
As you read the scroll of blinking, it crumbles to dust.
Blink to where?
Press: ? - help, Dir - move target
As you read the scroll of blinking, it crumbles to dust.
Aiming: Dig
Press: ? - help, Shift-Dir - straight line You can't see that place. [the floor.]
The rock shatters into small pieces.
Blink to where?
Press: ? - help, Dir - move target
As you read the scroll of blinking, it crumbles to dust.
The air fills with toxic fumes!
As you read the scroll of poison, it crumbles to dust.
As you read the scroll of torment, it crumbles to dust.
You feel a surge of unholy energy.
As you read the scroll of fear, it crumbles to dust.
You assume a fearsome visage.
Nothing appears to happen.
You have escaped!

## #..........# #.#.#...# .#
#........§§# #.#.#...# .#
#........§§# #.#.#...# .#
#........§.# #...#...# .#
########§### #...#..## .##
§######........ ..#
###§§§§§§###.##.## #)#
######§§§§§#...#####.## #.######
##§§§§§z§§#####...###.##
#......###§§§##§§§## ##...#..##
###.#.#.#§.##§§§§§§######...#.###
#...##..##§§§###§§§.##....#.###
##..###.§§§§## ##§§§.....##....
#..# ##§#### #§§§§#..######. #..#
#§## #####§...# #. #..###.#
##.### #. #......# ### #.


There were no monsters in sight!

Vanquished Creatures
  A pandemonium lord (Depths:4)
  the Royal Jelly (Slime:5)
  5 dread liches
  7 ancient liches
  Khufu (Crypt:3)
  Mara (Elf:3)
  7 orbs of fire
  Sojobo (Depths:1)
  28 royal mummies
  Vv (Crypt:1)
  10 Killer Klowns
  Frederick (Vaults:2)
  Bai Suzhen (Vaults:3)
  4 caustic shrikes
  A curse toe (Zot:4)
  10 golden dragons
  Nikola (Shoals:1)
  Norris (Elf:3)
  the Enchantress (Depths:1)
  5 electric golems
  17 tentacled monstrosities
  Zenata (Vaults:2)
  25 Orb Guardians (Zot:5)
  10 liches
  A walking frostbound tome (Depths:2)
  3 quicksilver dragons
  Asterion (Depths:1)
  2 deep elf master archers (Elf:3)
  12 titans
  The ghost of Oretred the Warrior, an adept MiFi of Okawaru (Spider:4)
  2 deep elf blademasters (Elf:3)
  13 acid blobs
  9 ancient champions
  11 sphinxes
  An Executioner (Depths:1)
  A kraken (Shoals:4)
  12 tengu reavers
  10 death cobs
  Gastronok (D:9)
  18 storm dragons
  Donald (Vaults:3)
  6 draconian monks
  Ilsuiw (Shoals:4)
  8 draconian knights
  3 revenants
  11 shadow dragons
  Aizul (Vaults:2)
  9 frost giants
  A nagaraja (Zig:2)
  5 fire giants
  9 rockslimes
  14 vault wardens
  10 azure jellies
  6 emperor scorpions
  An iron dragon (Vaults:5)
  8 deep elf sorcerers
  3 imperial myrmidons (Desolation)
  8 draconian shifters
  3 juggernaut zombies
  2 deep elf elementalists (Elf:3)
  10 draconian scorchers
  10 draconian stormcallers
  5 ghost moths
  3 curse skulls
  31 ironbound preservers
  Louise (Elf:1)
  2 angels
  11 ghouls
  3 orc warlords
  4 spriggan defenders
  A caustic shrike zombie (Crypt:1)
  4 broodmothers
  A war gargoyle (Zig:5)
  7 formless jellyfish
  A juggernaut skeleton (Tomb:3)
  18 very ugly things
  9 ironbound thunderhulks
  3 reapers (Crypt:3)
  12 draconian annihilators
  10 quicksilver oozes
  16 stone giants
  12 green draconians
  11 black draconians
  7 vampire knights
  9 red draconians
  7 deep elf demonologists
  16 dire elephants
  2 halazid warlocks (Desolation)
  8 bennus
  9 deep elf annihilators
  16 purple draconians
  11 yellow draconians
  The ghost of Unaitaokh the Brawler, a journeyman DrMo of Yredelemnul (D:15)
  15 white draconians
  2 eleionomae (Shoals:3)
  3 spark wasps
  13 deep elf death magi
  12 ettins
  8 fire dragons
  A green death (Depths:3)
  20 mummy priests
  A spectral kraken (Shoals:4)
  13 eidola
  4 merfolk javelineers
  9 jiangshi
  7 ragged hierophants (Desolation)
  10 merfolk impalers
  3 servants of whispers (Desolation)
  A crystal guardian (Desolation)
  Josephine (Lair:4)
  A spriggan zombie (Tomb:3)
  17 yaktaur captains
  6 entropy weavers
  3 peacekeepers
  9 great orbs of eyes
  14 ice dragons
  3 deep elf high priests
  29 vault guards
  4 spriggan air magi
  3 rakshasas
  4 merfolk avatars (Shoals:4)
  An ogre mage (Vaults:5)
  4 hydras
  13 ironbound frosthearts
  5 alligator snapping turtles (Shoals:4)
  A radroach (Spider:2)
  A death knight (Crypt:1)
  10 dancing weapons
  4 satyrs (Shoals:3)
  2 ghost crabs (Shoals:4)
  6 two-headed ogres
  4 merfolk aquamancers (Shoals:4)
  48 death scarabs
  8 deep troll earth magi
  2 hell hogs (Depths:1)
  6 centaur warriors
  13 death yaks
  9 boulder beetles
  8 deep troll shamans
  8 tengu warriors
  8 demonic crawlers
  5 orc high priests (Orc:2)
  3 vampire magi
  A titan zombie (Crypt:3)
  A naga sharpshooter (Zig:2)
  An occultist (Depths:2)
  5 spriggan berserkers
  20 hell knights
  5 sun demons (Depths:1)
  The ghost of qipq the Thaumaturge, a journeyman FeCj of Gozag (Orc:1)
  11 soul eaters
  5 deep elf knights
  12 iron trolls
  5 pharaoh ants
  A storm dragon zombie (Crypt:3)
  A sixfirhy (Depths:3)
  10 skysharks
  A sun moth (Spider:1)
  An anaconda zombie (Crypt:3)
  A salamander mystic (D:15)
  26 skeletal warriors
  A spark wasp zombie (Crypt:2)
  76 deep trolls
  5 bog bodies
  11 sea snakes
  Lodul (D:14)
  5 deep elf archers
  4 flayed ghosts
  A swamp dragon (shapeshifter) (Vaults:3)
  9 orb spiders
  An orb spider (shapeshifter) (D:15)
  3 bunyip skeletons (Crypt:3)
  3 glowing orange brains
  Pikel (D:6)
  6 lindwurms
  16 phantasmal warriors
  A shadow dragon zombie (Crypt:3)
  A tengu zombie (Vaults:4)
  25 ironbound convokers
  A steelbarb worm (shapeshifter) (Depths:1)
  4 arcanists
  30 harpies
  A harpy (shapeshifter) (Zig:7)
  7 steelbarb worms
  18 deep elf zephyrmancers
  13 orc knights
  A fire giant zombie (Zig:3)
  A human zombie (Crypt:3)
  3 orc sorcerers
  23 necromancers
  17 deep elf pyromancers
  A shadow dragon skeleton (Crypt:3)
  4 shining eyes
  26 ugly things
  23 fauns
  10 manticores
  20 wolf spiders
  An elephant (shapeshifter) (Zig:6)
  A stone giant zombie (Crypt:3)
  15 cyclopes
  2 iron dragon skeletons
  13 moths of wrath
  A fire giant skeleton (Vaults:4)
  21 elephants
  2 guardian serpents
  A dire elephant zombie (Tomb:3)
  17 vault sentinels
  8 black mambas
  6 water nymphs
  9 torpor snails
  9 merfolk sirens
  An apocalypse crab (Zig:6)
  A spectral sea snake (Shoals:4)
  A naga mage (Zig:2)
  2 centaur skeletons
  3 eyes of devastation
  A green draconian zombie (Crypt:2)
  A smoke demon (Depths:1)
  A naga skeleton (Crypt:3)
  Maggie (D:7)
  6 gargoyles
  2 unseen horrors
  5 rime drakes
  A hellion (Depths:1)
  4 freezing wraiths
  2 ice devils (Lair:4)
  An orange demon (Depths:4)
  An alligator snapping turtle skeleton (Crypt:1)
  6 kobold demonologists
  14 cane toads
  An efreet (D:14)
  A yellow draconian zombie (Crypt:2)
  11 komodo dragons
  A spectral water nymph (Shoals:4)
  A minotaur skeleton (Crypt:1)
  A human skeleton (Vaults:4)
  A redback zombie (Crypt:1)
  2 spectral merfolk (Shoals:4)
  34 yaktaurs
  50 guardian mummies
  A hydra zombie (Crypt:3)
  5 tengu conjurers
  3 harpy zombies
  A tormentor (Depths:3)
  6 trolls
  A polar bear (Lair:3)
  6 meliai
  A mana viper skeleton (Crypt:2)
  Grinder (D:3)
  13 hellwings (Crypt:3)
  5 hornets
  30 merfolk
  3 wind drakes
  4 spectral manticores (Shoals:4)
  A shadow dragon simulacrum (Vaults:4)
  A hornet (shapeshifter) (Vaults:5)
  36 blink frogs
  16 dream sheep
  3 harpy skeletons
  39 saltlings (Desolation)
  19 tarantellas
  3 hydra skeletons
  A blink frog (shapeshifter) (Vaults:5)
  9 snapping turtles
  A stone giant simulacrum (Vaults:4)
  30 jumping spiders
  3 glass eyes
  A large abomination (D:13)
  A dream sheep (shapeshifter) (Vaults:5)
  108 slime creatures
  22 culicivoras
  A slime creature (shapeshifter) (Depths:3)
  An ettin skeleton (Crypt:1)
  12 water elementals
  19 flying skulls
  A shadow (D:12)
  3 spriggans
  15 wraiths
  A spectral wind drake (Shoals:4)
  4 air elementals
  16 wyverns
  11 ushabtiu
  A ynoxinul (Depths:2)
  56 yaks
  A yak (shapeshifter) (D:14)
  A dire elephant simulacrum (IceCv)
  A human (D:14)
  A black mamba skeleton (Tomb:2)
  4 steam dragons
  4 fire elementals
  11 golden eyes
  A wind drake skeleton (Crypt:1)
  5 basilisks
  53 redbacks
  18 vampire mosquitoes
  13 wargs
  3 naga zombies
  A merfolk zombie (Crypt:1)
  A swamp worm (shapeshifter) (Vaults:5)
  3 acid dragons
  4 hell hounds
  2 spectral snapping turtles (Shoals:4)
  23 water moccasins
  3 ice beasts
  38 orc warriors
  2 two-headed ogre skeletons
  A lindwurm zombie (Crypt:1)
  A black bear (D:8)
  8 centaurs
  3 wolves (D:8)
  17 ogres
  4 boggarts
  2 phantoms
  4 kobold brigands (D:11)
  3 earth elementals
  15 bullfrogs
  8 gnoll sergeants
  4 scorpions
  6 necrophages
  A two-headed ogre simulacrum (IceCv)
  A scorpion (shapeshifter) (Vaults:5)
  3 wyvern skeletons (Crypt:3)
  A raiju skeleton (Crypt:1)
  10 killer bees
  13 electric eels
  2 vampire bats (D:8)
  2 spriggan skeletons
  6 howler monkeys
  10 hounds
  2 jellies
  13 gnoll boudas
  24 orc priests
  3 sleepcaps
  Natasha (twice) (D:2)
  5 iguanas
  16 orc wizards
  A polar bear simulacrum (IceCv)
  A troll simulacrum (IceCv)
  40 mummies
  24 gnolls
  9 adders
  A naga simulacrum (IceCv)
  A shadow imp (D:6)
  3 white imps
  7 ufetubi
  An iguana skeleton (Crypt:2)
  4 worms
  2 dart slugs
  83 orcs
  7 ball pythons
  4 endoplasms
  2 giant cockroaches (D:2)
  16 goblins
  16 hobgoblins
  7 jackals
  A ball python zombie (Crypt:1)
  14 bats
  A dart slug zombie (Crypt:1)
  4 frilled lizards
  9 kobolds
  An orc zombie (Crypt:2)
  A quokka skeleton (Crypt:1)
  4 rats
  2 tentacles (Shoals:4)
2913 creatures vanquished.

Vanquished Creatures (collateral kills)
  An angel (Elf:1)
  An iguana (D:6)
  A gnoll (D:6)
3 creatures vanquished.

Vanquished Creatures (others)
  A deep elf death mage (Crypt:3)
  A vault guard (Vaults:5)
  An occultist (Depths:2)
  A fire elemental (Elf:3)
  2 orcs (D:8)
  6 tentacles (Shoals:4)
12 creatures vanquished.

Grand Total: 2928 creatures vanquished

Notes
Turn   | Place    | Note
-------+----------+-------------------------------------------
     0 | D:1      | RepoMan the Troll Fighter began the quest for the Orb.
     0 | D:1      | Reached XP level 1. HP: 22/22 MP: 0/0
   170 | D:1      | Found Vumusy's Assorted Antiques.
   187 | D:1      | Reached XP level 2. HP: 29/29 MP: 1/1
   190 | D:1      | Bought a scroll labelled IQADWIGEDO for 26 gold pieces
   634 | D:2      | Identified the +2 leather armour of the Hidden Vale {rPois
                  | rC+ Str+3}
   726 | D:2      | Found Saoph's Assorted Antiques.
   765 | D:2      | Noticed Natasha
   774 | D:2      | Killed Natasha
   775 | D:2      | Reached skill level 3 in Unarmed Combat
   775 | D:2      | Reached XP level 3. HP: 30/36 MP: 2/2
  1139 | D:2      | Noticed Natasha
  1150 | D:2      | Reached XP level 4. HP: 43/44 MP: 3/3
  1153 | D:2      | Killed Natasha
  1634 | D:3      | Noticed Grinder
  1645 | D:3      | Paralysed by Grinder for 4 turns
  1660 | D:3      | Killed Grinder
  1661 | D:3      | Reached skill level 4 in Unarmed Combat
  1661 | D:3      | Reached XP level 5. HP: 14/53 MP: 4/4
  1661 | D:3      | Reached XP level 6. HP: 16/61 MP: 5/5
  1992 | D:4      | Found a bloodstained altar of Trog.
  2141 | D:2      | Bought a fuming sapphire potion for 17 gold pieces
  2141 | D:2      | Bought a fuming sapphire potion for 17 gold pieces
  2141 | D:2      | Bought an inky potion for 17 gold pieces
  2141 | D:2      | Bought a glowing glass wand for 76 gold pieces
  2141 | D:2      | Bought a viscous white potion for 17 gold pieces
  2141 | D:2      | Bought a glowing amethyst potion for 17 gold pieces
  2236 | D:4      | Reached skill level 5 in Unarmed Combat
  2250 | D:4      | You fall into a shaft and drop 2 floors!
  2263 | D:6      | Noticed a steam dragon
  2278 | D:6      | Reached XP level 7. HP: 68/68 MP: 6/6
  2282 | D:6      | Killed a steam dragon
  2318 | D:6      | Reached skill level 6 in Unarmed Combat
  2324 | D:5      | Entered Level 5 of the Dungeon
  2613 | D:4      | Found a runed translucent door.
  2614 | D:4      | Noticed Crazy Yiuf
  2792 | D:4      | Reached skill level 5 in Shields
  2792 | D:4      | Reached XP level 8. HP: 79/79 MP: 7/7
  3289 | D:4      | Reached skill level 7 in Unarmed Combat
  3655 | D:5      | Reached skill level 5 in Fighting
  3885 | D:5      | Reached skill level 8 in Unarmed Combat
  4087 | D:6      | Reached XP level 9. HP: 88/88 MP: 8/8
  4227 | D:6      | Found a staircase to the Ecumenical Temple.
  4245 | Temple   | Entered the Ecumenical Temple
  4255 | Temple   | Became a worshipper of the Wu Jian Council
  4439 | D:6      | Noticed Pikel
  4464 | D:6      | Killed Pikel
  4465 | D:6      | Reached skill level 9 in Unarmed Combat
  4483 | D:6      | Found a stormy altar of Qazlal.
  4487 | D:6      | Found a shimmering altar of Xom.
  4492 | D:6      | Found a glowing silver altar of Zin.
  4648 | D:7      | Noticed Maggie
  4655 | D:7      | Killed Maggie
  4691 | D:7      | Found Remaudis's General Store.
  4694 | D:7      | Bought a scroll of identify for 30 gold pieces
  4922 | D:7      | Noticed a komodo dragon
  4941 | D:7      | Killed a komodo dragon
  4942 | D:7      | Reached skill level 10 in Unarmed Combat
  4951 | D:7      | Reached * piety under Wu Jian
  5212 | D:7      | Reached XP level 10. HP: 100/100 MP: 9/9
  5370 | D:7      | Noticed a deep elf pyromancer
  5383 | D:7      | Killed a deep elf pyromancer
  5666 | D:8      | Found a flagged portal.
  5679 | Bailey   | Entered a bailey
  5728 | Bailey   | Noticed an orc knight
  5750 | Bailey   | Killed an orc knight
  5751 | Bailey   | Reached skill level 11 in Unarmed Combat
  5822 | Bailey   | Noticed an orc sorcerer
  5824 | Bailey   | Noticed an orange demon
  5835 | Bailey   | Killed an orc sorcerer
  5835 | Bailey   | Reached ** piety under Wu Jian
  6015 | Bailey   | Found an iron altar of Okawaru.
  6021 | Bailey   | Reached skill level 5 in Dodging
  6025 | Bailey   | Noticed an orange demon
  6215 | Bailey   | Acquired a manual of Unarmed Combat
  6609 | D:8      | Reached XP level 11. HP: 74/109 MP: 10/10
  6702 | D:8      | Reached skill level 12 in Unarmed Combat
  6707 | D:8      | Found a staircase to the Lair.
  7045 | D:9      | Reached *** piety under Wu Jian
  7437 | D:9      | Noticed a two-headed ogre
  7449 | D:9      | Killed a two-headed ogre
  7570 | D:9      | Noticed Gastronok
  7588 | D:9      | Killed Gastronok
  7589 | D:9      | Reached skill level 13 in Unarmed Combat
  7791 | D:9      | Found a burning altar of Makhleb.
  7821 | D:10     | Entered Level 10 of the Dungeon
  8189 | D:10     | Found a transporter.
  8254 | D:10     | Found a transporter.
  8274 | D:10     | Found a transporter.
  8393 | D:10     | Found a sacrificial altar of Ru.
  8414 | D:10     | Found a staircase to the Orcish Mines.
  8510 | D:10     | Found a transporter.
  8571 | Orc:1    | Entered Level 1 of the Orcish Mines
  8597 | D:10     | Reached skill level 14 in Unarmed Combat
  8615 | D:11     | Noticed a boulder beetle
  8629 | D:11     | Killed a boulder beetle
  8844 | D:11     | Noticed a two-headed ogre
  8848 | D:11     | Killed a two-headed ogre
  8921 | D:11     | Reached XP level 12. HP: 115/120 MP: 11/11
  9034 | D:11     | Reached **** piety under Wu Jian
  9063 | D:11     | Noticed a two-headed ogre
  9077 | D:11     | Killed a two-headed ogre
  9078 | D:11     | Reached skill level 15 in Unarmed Combat
  9242 | D:11     | Noticed a two-headed ogre
  9403 | D:11     | Noticed a two-headed ogre
  9408 | D:11     | Killed a two-headed ogre
  9428 | D:11     | Killed a two-headed ogre
  9534 | D:11     | Reached skill level 16 in Unarmed Combat
  9628 | D:11     | Reached ***** piety under Wu Jian
 10328 | Lair:1   | Entered Level 1 of the Lair of Beasts
 10335 | Lair:1   | Noticed a death yak
 10339 | Lair:1   | Noticed flt's ghost (journeyman FeSh)
 10345 | Lair:1   | Found a transporter.
 10477 | Lair:1   | Reached skill level 17 in Unarmed Combat
 10511 | Lair:1   | Reached XP level 13. HP: 122/131 MP: 12/12
 10542 | Lair:1   | Reached skill level 10 in Shields
 10671 | Lair:1   | Found a transporter.
 11291 | Lair:2   | You fall into a shaft and drop 2 floors!
 11295 | Lair:4   | Identified the +5 ring mail of Doteg {rPois rC+ rCorr
                  | Str+4}
 11331 | Lair:4   | Noticed Josephine
 11374 | Lair:4   | Found a runed translucent gate.
 11374 | Lair:4   | Found a runed translucent gate.
 11374 | Lair:4   | Found a runed translucent gate.
 11379 | Lair:4   | Noticed Talonman3's ghost (journeyman KoSu)
 11406 | Lair:4   | Found a frozen archway.
 11415 | IceCv    | Entered an ice cave
 11574 | Lair:3   | Found a hole to the Spider Nest.
 11801 | Lair:2   | Found a staircase to the Shoals.
 12054 | Lair:1   | Reached skill level 18 in Unarmed Combat
 12751 | Lair:3   | Reached skill level 10 in Fighting
 12921 | Lair:3   | Reached XP level 14. HP: 143/143 MP: 13/13
 13502 | Lair:4   | Killed Josephine
 14197 | Lair:5   | Entered Level 5 of the Lair of Beasts
 14204 | Lair:5   | Reached skill level 19 in Unarmed Combat
 14522 | Lair:5   | Identified the +5 mace of Doom {holy, Fragile Fly rPois
                  | Str-5}
 14584 | Lair:5   | Reached ****** piety under Wu Jian
 14609 | Lair:5   | Found a staircase to the Slime Pits.
 14646 | Lair:5   | Reached XP level 15. HP: 152/152 MP: 14/14
 15509 | Orc:1    | Found Paheasue's Armour Shop.
 15803 | Orc:1    | Found a runed translucent door.
 15803 | Orc:1    | Noticed qipq's ghost (journeyman FeCj)
 15938 | Orc:2    | Entered Level 2 of the Orcish Mines
 16114 | Orc:2    | Reached skill level 20 in Unarmed Combat
 16226 | Orc:2    | Found Ajeisk's Assorted Antiques.
 16226 | Orc:2    | Found Zoolab's Jewellery Shop.
 16227 | Orc:2    | Found Neishreaj's General Store.
 16227 | Orc:2    | Found Gaer's General Store.
 16245 | Orc:2    | Bought a potion of curing for 42 gold pieces
 16246 | Orc:2    | Bought a potion of curing for 87 gold pieces
 16254 | Orc:2    | Bought a scroll labelled TIYRIUBROL for 29 gold pieces
 16254 | Orc:2    | Bought a scroll labelled ETUBYMU QAXYUST for 29 gold pieces
 16258 | Orc:2    | Bought a talisman of death for 1478 gold pieces
 16481 | Orc:2    | Found a staircase to the Elven Halls.
 16573 | Orc:2    | Found Ewnenn's Distillery.
 16577 | Orc:2    | Bought a potion of berserk rage for 70 gold pieces
 16577 | Orc:2    | Bought 2 potions of cancellation for 224 gold pieces
 16577 | Orc:2    | Bought a potion of curing for 42 gold pieces
 16718 | D:12     | Reached skill level 1 in Shapeshifting
 17427 | D:13     | Identified the +6 hand axe of Jaehum {freeze, Contam rElec
                  | Dex+6 Stlth+}
 17608 | D:13     | Reached skill level 5 in Shapeshifting
 18250 | D:14     | Noticed Lodul
 18260 | D:14     | Killed Lodul
 18633 | D:14     | Found a gate to the Vaults.
 18637 | D:14     | Reached XP level 16. HP: 162/162 MP: 15/15
 19149 | D:15     | Entered Level 15 of the Dungeon
 19234 | D:15     | Found a large runed translucent door.
 19234 | D:15     | Found a large runed translucent door.
 19276 | D:15     | Found a staircase to the Depths.
 19301 | D:15     | Noticed Unaitaokh's ghost (journeyman DrMo)
 19316 | D:15     | Killed Unaitaokh's ghost
 19404 | D:15     | Identified the +8 chain mail of the Illusory Artisans
                  | {Slay+3}
 19482 | D:15     | Found a hazy altar of Hepliaklqana.
 19501 | D:15     | Reached skill level 10 in Shapeshifting
 19532 | D:15     | Identified the +3 scale mail of Curiosity {Will++}
 19616 | D:15     | Found a portal to a secret trove of treasure.
 20095 | D:7      | Bought a ring of poison resistance for 300 gold pieces
 20286 | Spider:1 | Entered Level 1 of the Spider Nest
 21180 | Spider:2 | Identified the "Riuwip"
 21679 | Spider:2 | Identified the +5 ring mail "Myqatsul" {rN+}
 22369 | Spider:3 | Reached XP level 17. HP: 156/170 MP: 16/16
 23010 | Spider:4 | Entered Level 4 of the Spider Nest
 23082 | Spider:4 | Reached skill level 15 in Shapeshifting
 23165 | Spider:4 | Got a gossamer rune of Zot
 23487 | Spider:4 | Found a large runed translucent door.
 23487 | Spider:4 | Found a large runed translucent door.
 23488 | Spider:4 | Noticed Oretred's ghost (adept MiFi)
 23489 | Spider:4 | Found the +2 hood of the Assassin {Detect Stab+ Stlth++}
 23591 | Spider:4 | Killed Oretred's ghost
 23838 | Shoals:1 | Entered Level 1 of the Shoals
 23925 | Shoals:1 | Noticed a titan
 23927 | Shoals:1 | Noticed Nikola
 23963 | Shoals:1 | Killed a titan
 23970 | Shoals:1 | Killed Nikola
 24082 | Shoals:1 | Found the sphere of Battle
 24885 | Shoals:2 | Found Liffalet's Assorted Antiques.
 24922 | Shoals:2 | Bought a scroll of fear for 128 gold pieces
 25444 | Shoals:2 | Reached XP level 18. HP: 101/177 MP: 17/17
 25451 | Shoals:2 | Reached XP level 19. HP: 121/185 MP: 18/18
 25826 | Shoals:4 | Identified the "Ejuor"
 25826 | Shoals:4 | Entered Level 4 of the Shoals
 25907 | Shoals:4 | Got a barnacled rune of Zot
 25967 | Shoals:4 | Noticed Ilsuiw
 25975 | Shoals:4 | Killed Ilsuiw
 26655 | Shoals:4 | Identified the +4 shortbow "Namuak" {speed, rElec rCorr
                  | Int-2 Dex+3}
 27864 | Shoals:3 | Identified the +9 longbow "Besupt" {elec, rPois Will+++
                  | MP+9 Dex-5}
 28156 | Orc:1    | Killed qipq's ghost
 28204 | Crypt:2  | Identified the of Alinwal
 28204 | Crypt:3  | Identified the of Tieluth
 28204 | Depths:2 | Identified the "Feprypn"
 28204 | Desolati | Identified the of Koyptoru
 28204 | Desolati | Identified the "Ryerhisu"
 28204 | Desolati | Identified the "Filan Ocow"
 28204 | Elf:1    | Entered Level 1 of the Elven Halls
 28275 | Elf:1    | Found a crumbling gateway.
 28408 | Elf:1    | Found a glowing silver altar of Zin.
 28408 | Elf:1    | Found a glowing golden altar of the Shining One.
 28408 | Elf:1    | Found a white marble altar of Elyvilon.
 28423 | Desolati | Entered the Desolation of Salt
 28553 | Desolati | Identified the +3 troll leather armour "Qeptosti" {Rampage
                  | Will+ Regen+}
 28577 | Desolati | Reached XP level 20. HP: 143/196 MP: 19/19
 28941 | Desolati | Identified the +8 lajatang of Makhleb's Respect {elec, rN++
                  | Dex+6}
 28941 | Desolati | Identified the ring "Rinak" {Str+2 Int+2 Dex+6}
 29098 | Desolati | Reached skill level 21 in Unarmed Combat
 29156 | Desolati | Identified the +6 scale mail of Dishonour {+Blink rC+
                  | Dex-4}
 29496 | Elf:1    | Noticed Louise
 29498 | Elf:1    | Killed Louise
 29866 | Elf:2    | Identified the +2 morningstar "Joubihom" {heavy, rF- Int+7}
 30003 | Elf:2    | Paralysed by an air elemental for 1 turns
 30025 | Elf:2    | Found a runed translucent gate.
 30025 | Elf:2    | Found a runed translucent gate.
 30025 | Elf:2    | Found a runed translucent gate.
 30209 | Elf:3    | Entered Level 3 of the Elven Halls
 30319 | Elf:3    | Found Tugosuat's Antique Armour Shoppe.
 30321 | Elf:3    | Found Sapniaq's Distillery.
 30323 | Elf:3    | Found Wethidop's General Store.
 30329 | Elf:3    | Bought 2 potions of might for 168 gold pieces
 30329 | Elf:3    | Bought a potion of mutation for 168 gold pieces
 30331 | Elf:3    | Bought a scroll of teleportation for 54 gold pieces
 30331 | Elf:3    | Bought a wand of digging (4) for 302 gold pieces
 30334 | Elf:3    | Noticed Norris
 30414 | Elf:3    | Found Plog's Book Shop.
 30417 | Elf:3    | Paralysed by an air elemental for 1 turns
 30511 | Elf:3    | Killed Norris
 30820 | Elf:3    | Identified the +9 morningstar "Eppiucso" {flame, rElec rN+
                  | Dex-2}
 30955 | Elf:3    | Identified the amulet "Cogal" {Acrobat Rampage rPois Will-
                  | Dex+2}
 30975 | Elf:3    | Identified the ring of Nucvail {Fly rElec Int+3 Slay-5
                  | Stlth+}
 31165 | Elf:3    | Noticed Mara
 31179 | Elf:3    | Killed Mara
 31379 | Orc:2    | Bought a potion of curing for 42 gold pieces
 31379 | Orc:2    | Bought a potion of ambrosia for 112 gold pieces
 31379 | Orc:2    | Bought a potion of might for 56 gold pieces
 31379 | Orc:2    | Bought a potion of haste for 140 gold pieces
 31472 | Orc:2    | Bought a potion of berserk rage for 145 gold pieces
 31472 | Orc:2    | Bought a potion of heal wounds for 145 gold pieces
 31681 | Vaults:1 | Entered Level 1 of the Vaults
 31774 | Vaults:1 | Reached XP level 21. HP: 158/208 MP: 20/20
 31873 | Vaults:1 | Reached skill level 22 in Unarmed Combat
 32288 | Vaults:1 | Found Bialu's Antique Armour Boutique.
 32532 | Vaults:2 | Upgraded the game from 0.31-a0-955-gcb8bc90ed4 to
                  | 0.31-a0-960-g0fca184906
 32572 | Vaults:2 | Learned a level 2 spell: Blink
 32575 | Vaults:2 | Learned a level 2 spell: Lesser Beckoning
 32681 | Vaults:2 | Reached skill level 1 in Translocations
 32840 | Vaults:2 | Reached skill level 1 in Spellcasting
 32870 | Vaults:2 | Noticed Aizul
 32878 | Vaults:2 | Killed Aizul
 33038 | Vaults:2 | Found a staircase to the Crypt.
 33196 | Vaults:2 | Noticed Zenata
 33198 | Vaults:2 | Killed Zenata
 33231 | Vaults:2 | Found a transporter.
 33237 | Vaults:2 | Found a transporter.
 33238 | Vaults:2 | Found a bloodstained altar of Trog.
 33238 | Vaults:2 | Noticed Talonman3's ghost (adept TeAE)
 33794 | Vaults:2 | Noticed Frederick
 33799 | Vaults:2 | Killed Frederick
 34092 | Vaults:3 | Noticed Donald
 34101 | Vaults:3 | Killed Donald
 34494 | Vaults:3 | Reached XP level 22. HP: 202/218 MP: 25/25
 34840 | Vaults:3 | Noticed Bai Suzhen
 34841 | Vaults:3 | Killed Bai Suzhen
 35157 | Vaults:4 | Reached skill level 5 in Translocations
 35633 | Vaults:4 | Identified the +4 mace "Cookie Cutter" {flame, rC+ Str-5
                  | Int+2}
 36352 | Crypt:1  | Entered Level 1 of the Crypt
 36698 | Crypt:1  | Noticed Vv
 36991 | Crypt:1  | Killed Vv
 37716 | Crypt:2  | Reached skill level 23 in Unarmed Combat
 37802 | Crypt:2  | Reached XP level 23. HP: 217/228 MP: 26/26
 38168 | Crypt:3  | Entered Level 3 of the Crypt
 38517 | Crypt:3  | Noticed Khufu
 38523 | Crypt:3  | Found an ancient bone altar of Kikubaaqudgha.
 38566 | Crypt:3  | Found a staircase to the Tomb.
 38568 | Crypt:3  | Reached skill level 15 in Shields
 38990 | Crypt:3  | Killed Khufu
 39134 | Crypt:3  | Identified the +4 leather armour of the Jabberwock {Str+2
                  | Int+2 Slay-6}
 39145 | Crypt:3  | Noticed a dread lich
 39155 | Crypt:3  | Killed a dread lich
 39180 | Crypt:3  | Identified the +2 shortbow of Baofukos {speed, rF+ Int+2}
 39195 | Crypt:3  | Found the +8 Vampire's Tooth {megavamp}
 39481 | Crypt:3  | Identified the amulet of Vampiric Thralls {Spirit rElec rC+
                  | Str+4}
 39862 | D:15     | You paid a toll of 18 scrolls of teleportation to enter a
                  | treasure trove
 39863 | Trove    | Entered a treasure trove
 39870 | Trove    | Identified the amulet "Xoforisec" {Acrobat Fragile rPois
                  | rC+++ Stlth-}
 39872 | Trove    | Identified the ring "Tiogoh" {Int+2 SInv}
 39875 | Trove    | Identified the amulet "Neklugut" {RegenMP *Slow rElec rCorr
                  | Dex+6}
 39882 | Trove    | Identified the ring "Woderiak" {rF- Will+ MP+9 Str-5 Dex+5}
 39893 | Trove    | Identified the ring "Paprovy" {rPois rCorr}
 39960 | Depths:1 | Entered Level 1 of the Depths
 40004 | Depths:1 | Noticed the Enchantress
 40009 | Depths:1 | Killed the Enchantress
 40022 | Depths:1 | Reached skill level 24 in Unarmed Combat
 40107 | Depths:1 | Noticed Sojobo
 40120 | Depths:1 | Killed Sojobo
 40174 | Depths:1 | Found a gateway to Hell.
 40447 | Depths:1 | Noticed Asterion
 40452 | Depths:1 | Killed Asterion
 41194 | Depths:2 | Reached XP level 24. HP: 243/243 MP: 26/26
 41285 | Depths:2 | Identified the +0 halberd of the Pariah {freeze, rPois rC+
                  | rN+ Will+}
 41322 | Depths:2 | Found a one-way gate leading to the halls of Pandemonium.
 41471 | Depths:2 | Reached skill level 25 in Unarmed Combat
 41516 | Depths:2 | Reached skill level 15 in Fighting
 41524 | Depths:2 | Found the +8 arc blade {discharge, rElec}
 42471 | Depths:3 | Found a one-way gate to the infinite horrors of the Abyss.
 42716 | Depths:3 | Found an iron altar of Okawaru.
 42835 | Depths:4 | Entered Level 4 of the Depths
 42863 | Depths:4 | Reached skill level 26 in Unarmed Combat
 42963 | Depths:4 | Identified the +0 chain mail of Wasted Space {rC+ Str+4}
 42982 | Depths:4 | Found a one-way gateway to a ziggurat.
 43529 | Depths:4 | Found a gate to the Realm of Zot.
 43597 | Depths:4 | Found Niot's Book Emporium.
 44384 | Zot:2    | Identified the "Miegil"
 44384 | Zot:2    | Identified the "Hec Tiotaiju"
 44384 | Slime:1  | Entered Level 1 of the Pits of Slime
 44391 | Slime:1  | Reached XP level 25. HP: 253/256 MP: 26/26
 44460 | Slime:3  | Reached skill level 27 in Unarmed Combat
 44521 | Slime:5  | Identified the "Ugiyfyat"
 44521 | Slime:5  | Identified the of Potomnarch
 44521 | Slime:5  | Entered Level 5 of the Pits of Slime
 44569 | Slime:5  | Noticed the Royal Jelly
 44590 | Slime:5  | Killed the Royal Jelly
 44710 | Slime:5  | Identified the serpent talisman of Kuodawud {rF+ rN++
                  | Slay-5}
 44747 | Slime:5  | Got a slimy rune of Zot
 44750 | Slime:5  | Identified the +6 war axe of True Grit {flame, Dex+3}
 44801 | Slime:5  | Identified the +9 scimitar of the Stork {freeze, *Slow
                  | rElec rN+ rCorr}
 45276 | Vaults:5 | Entered Level 5 of the Vaults
 45288 | Vaults:5 | Reached skill level 10 in Dodging
 45289 | Vaults:5 | Noticed a dread lich
 45289 | Vaults:5 | Noticed an ancient lich
 45292 | Vaults:5 | Killed an ancient lich
 45293 | Vaults:5 | Reached skill level 1 in Stealth
 45298 | Vaults:5 | Killed a dread lich
 45419 | Vaults:5 | Got a silver rune of Zot
 45480 | Vaults:5 | Noticed an ancient lich
 45483 | Vaults:5 | Killed an ancient lich
 45575 | Vaults:5 | Reached XP level 26. HP: 274/274 MP: 26/26
 45723 | Vaults:5 | Identified the +11 war axe "Cearaodu" {flame, Int+2}
 45851 | Vaults:5 | Identified the +0 pair of boots "Pown" {Slay+2}
 45860 | Vaults:5 | Identified the +1 leather armour "Egrad" {Fly rElec Int+8
                  | Stlth-}
 45862 | Vaults:5 | Identified the staff of Honour {*Corrode Str+5 Dex-3 Stlth+
                  | Conj}
 45863 | Vaults:5 | Identified the +0 robe of the Loofah {rPois rN++ Str-2
                  | Archmagi}
 46687 | Zot:1    | Entered Level 1 of the Realm of Zot
 47603 | Zot:2    | Noticed an orb of fire
 47606 | Zot:2    | Killed an orb of fire
 47662 | Zot:2    | Acquired the ring "Zemmoici" {rElec rN+ Dex+6 Stlth+}
 48257 | Zot:2    | Noticed an orb of fire
 48263 | Zot:2    | Killed an orb of fire
 48724 | Zot:3    | Reached skill level 5 in Stealth
 48820 | Zot:3    | Identified the ring of Starshine {Will+ Slay+2}
 48917 | Zot:3    | Acquired the +4 kite shield "Usie" {rF+ rCorr Dex-5 Stlth+}
 49054 | Zot:3    | Reached XP level 27. HP: 278/286 MP: 26/26
 49468 | Zot:4    | Found a transporter.
 49468 | Zot:4    | Found a transporter.
 49484 | Zot:4    | Found a transporter.
 49503 | Zot:4    | Found a transporter.
 50306 | Zot:5    | Entered Level 5 of the Realm of Zot
 50780 | Zot:5    | Noticed a dread lich
 50781 | Zot:5    | Noticed an orb of fire
 50785 | Zot:5    | Killed a dread lich
 50785 | Zot:5    | Killed an orb of fire
 50792 | Zot:5    | Noticed an ancient lich
 50793 | Zot:5    | Noticed an orb of fire
 50793 | Zot:5    | Noticed an ancient lich
 50794 | Zot:5    | Noticed a dread lich
 50794 | Zot:5    | Noticed an ancient lich
 50795 | Zot:5    | Noticed an orb of fire
 50814 | Zot:5    | Noticed an orb of fire
 50816 | Zot:5    | Noticed an orb of fire
 50818 | Zot:5    | Killed an orb of fire
 50818 | Zot:5    | Killed an orb of fire
 50822 | Zot:5    | Killed an orb of fire
 50824 | Zot:5    | Noticed an ancient lich
 50826 | Zot:5    | Killed an orb of fire
 50828 | Zot:5    | Killed an ancient lich
 50841 | Zot:5    | Killed an ancient lich
 50843 | Zot:5    | Noticed a dread lich
 50847 | Zot:5    | Killed a dread lich
 50852 | Zot:5    | Killed an ancient lich
 50855 | Zot:5    | Killed an ancient lich
 50907 | Zot:5    | Killed a dread lich
 51435 | Tomb:1   | Identified the of Weemebejo
 51435 | Tomb:3   | Identified the "Puzxi"
 51435 | Dis:7    | Identified the of Kues
 51435 | Pan      | Identified the of Xiadasar
 51435 | Pan      | Identified the of Bezuruba
 51435 | Zig:1    | Entered Level 1 of a ziggurat
 51455 | Zig:2    | Entered Level 2 of a ziggurat
 51482 | Zig:3    | Entered Level 3 of a ziggurat
 51496 | Zig:3    | Identified the +1 helmet of Makhleb's Wrath {Dex+3 SInv}
 51505 | Zig:4    | Entered Level 4 of a ziggurat
 51552 | Zig:5    | Entered Level 5 of a ziggurat
 51553 | Zig:5    | Noticed an ancient lich
 51564 | Zig:5    | Killed an ancient lich
 51568 | Zig:5    | Identified the +7 trident "Yheuma Giack" {drain, rPois rF+
                  | Dex+3}
 51580 | Zig:6    | Entered Level 6 of a ziggurat
 51603 | Zig:6    | Identified the +5 flail "Esoum" {drain, Will+ SInv}
 51643 | Zig:7    | Entered Level 7 of a ziggurat
 51987 | Tomb:1   | Entered Level 1 of the Tomb of the Ancients
 52267 | Tomb:1   | Noticed a royal mummy
 52272 | Tomb:1   | Noticed a royal mummy
 52273 | Tomb:1   | Killed a royal mummy
 52273 | Tomb:1   | Lost intelligence.
 52281 | Tomb:1   | Killed a royal mummy
 53725 | Tomb:2   | Noticed a royal mummy
 53727 | Tomb:2   | Noticed a royal mummy
 53732 | Tomb:2   | Noticed a royal mummy
 53732 | Tomb:2   | Noticed a royal mummy
 53733 | Tomb:2   | Noticed a royal mummy
 53736 | Tomb:2   | Killed a royal mummy
 53738 | Tomb:2   | Killed a royal mummy
 53738 | Tomb:2   | Killed a royal mummy
 53738 | Tomb:2   | Killed a royal mummy
 53740 | Tomb:2   | Killed a royal mummy
 53852 | Tomb:1   | Noticed a royal mummy
 53853 | Tomb:1   | Noticed a royal mummy
 53853 | Tomb:1   | Killed a royal mummy
 53856 | Tomb:1   | Killed a royal mummy
 53871 | Tomb:1   | Noticed a royal mummy
 53877 | Tomb:1   | Killed a royal mummy
 53885 | Tomb:1   | Noticed a royal mummy
 53892 | Tomb:1   | Killed a royal mummy
 53894 | Tomb:1   | Noticed a royal mummy
 53897 | Tomb:1   | Killed a royal mummy
 53898 | Tomb:1   | Noticed a royal mummy
 53911 | Tomb:1   | Killed a royal mummy
 53940 | Tomb:1   | Noticed a royal mummy
 53951 | Tomb:1   | Noticed a royal mummy
 53952 | Tomb:1   | Killed a royal mummy
 53953 | Tomb:1   | Noticed a royal mummy
 53956 | Tomb:1   | Killed a royal mummy
 53957 | Tomb:1   | Killed a royal mummy
 53957 | Tomb:1   | Noticed a royal mummy
 53967 | Tomb:1   | Noticed a royal mummy
 53971 | Tomb:1   | Killed a royal mummy
 53973 | Tomb:1   | Noticed a royal mummy
 53975 | Tomb:1   | Killed a royal mummy
 53993 | Tomb:1   | Noticed a royal mummy
 54002 | Tomb:1   | Killed a royal mummy
 54007 | Tomb:1   | Noticed a royal mummy
 54181 | Tomb:3   | Entered Level 3 of the Tomb of the Ancients
 54220 | Tomb:3   | Noticed a royal mummy
 54232 | Tomb:3   | Noticed a royal mummy
 54232 | Tomb:3   | Killed a royal mummy
 54241 | Tomb:3   | Killed a royal mummy
 54251 | Tomb:3   | Noticed a royal mummy
 54252 | Tomb:3   | Noticed a royal mummy
 54258 | Tomb:3   | Killed a royal mummy
 54259 | Tomb:3   | Noticed a royal mummy
 54277 | Tomb:3   | Killed a royal mummy
 54279 | Tomb:3   | Killed a royal mummy
 54279 | Tomb:3   | Noticed a royal mummy
 54282 | Tomb:3   | Killed a royal mummy
 54313 | Tomb:3   | Noticed a royal mummy
 54318 | Tomb:3   | Killed a royal mummy
 54357 | Tomb:3   | Noticed a royal mummy
 54359 | Tomb:3   | Noticed a royal mummy
 54361 | Tomb:3   | Killed a royal mummy
 54363 | Tomb:3   | Killed a royal mummy
 54416 | Tomb:3   | Reached skill level 10 in Stealth
 54440 | Tomb:3   | Found the +7 hand cannon "Mule" {flame, backblast, rF+}
 54496 | Tomb:3   | Identified the +1 chain mail of the Game of Life {Rampage
                  | rCorr Slay-2 SInv}
 54497 | Tomb:3   | Identified the +1 morningstar of Onnogim {antimagic, Int+6}
 54498 | Tomb:3   | Identified the +3 flail of Mens Rea {heavy, rElec Str+2
                  | Int-2}
 54500 | Tomb:3   | Identified the staff of Ascent {rElec rPois rN+++ rCorr
                  | Dex-2 Poison}
 54504 | Tomb:3   | Identified the +2 triple sword "Joune" {flame, rElec rF+
                  | Will+}
 54520 | Tomb:3   | Identified the +5 plate armour of Vozurel {rPois rN+}
 54521 | Tomb:3   | Identified the serpent talisman of Oily Wonder {rPois rCorr
                  | Int+3 Dex+4}
 54650 | Tomb:3   | Got a golden rune of Zot
 55333 | Zot:5    | Got the Orb of Zot
 55542 | Depths:4 | Noticed Opnom the pandemonium lord
 55550 | Depths:4 | Killed Opnom the pandemonium lord
 55869 | D:$      | Escaped with the Orb!

Illustrated notes

Levels and vault maps discovered:
D:1:      dpeg_arrival_round_c, layout_basic, serial_shops, shop
D:2:      layout_loops_ring, serial_shops, shop, serial_bayou,
          serial_bayou_crossing, serial_bayou_pond_c, serial_bayou_pond_c,
          serial_bayou_pond_b, dreamdust_wishing_well, serial_park_tiny_1,
          dk_noncrumbling_3, uniq_natasha
D:3:      layout_loops_ring, uniq_grinder
D:4:      layout_basic, amcnicky_altar_gilded, nicolae_twisty_statue_hallways,
          uniq_crazy_yiuf_cottage
D:5:      layout_cave_pools, minmay_checkerbox
D:6:      layout_cave_pools, minitemple, minmay_temple_entry_offerings,
          minmay_misc_feat_alley, minivault_11, minmay_ogre_servants, uniq_pikel
D:7:      layout_loops_cross, serial_shops, nicolae_shop_behind_doors,
          st_stairs_7, minmay_shattered_shrine, uniq_maggie
D:8:      layout_basic, erik_lair_island, enter_bailey_2, roderic_batcave,
          chequers_arboretum
D:9:      layout_stronghold, lightli_temple_of_fire, uniq_gastronok
D:10:     layout_loops_cross, nicolae_ru_great_annihilating_truth, orc_0_dummy,
          nicolae_transporter_intersection
D:11:     lemuel_castle_with_subvaults [lemuel_castle_interior_carwin_1],
          layout_stronghold, chequers_serial_rivers_large_b,
          minmay_misc_feat_roman, st_stairs_7, columned_hall_lemuel,
          statue_in_the_mist_lemuel
D:12:     layout_irregular_city
D:13:     layout_basic
D:14:     layout_roguey, grunt_vaults_entry_fortified,
          infiniplex_staircase_spiral, uniq_lodul
D:15:     hangedman_depths_entry_try_elsewhere_first, layout_irregular_city,
          nicolae_trove_entry_crossroad, ebering_ghost_disaster_area,
          nicolae_hepliaklqana_hazy_memory
Temple:   nicolae_temple_x_marks_the_god
Lair:1:   layout_small_grid, gammafunk_ghost_arena
Lair:2:   layout_cellular_growth, minmay_shoals_entry_lonely_mermaid,
          dreamdust_mushroom_princess
Lair:3:   dragon1_lemuel, layout_regular_city,
          nicolae_spider_entry_tight_spaces, pdpol_lair_cavern_descent
Lair:4:   layout_regular_city, ebering_ghost_rock_garden,
          portal_ice_cave_demonic_guard, minivault_27, uniq_josephine
Lair:5:   hangedman_lair_tendril_chambers, layout_big_grid,
          dpeg_slime_entry_enclosed, serial_bayou_shore_a, serial_bayou_shore_b
Shoals:1: cheibrodos_shoals_gigantism, layout_shoals, uniq_nikola
Shoals:2: layout_shoals, serial_shops, shop
Shoals:3: layout_shoals, nicolae_shoals_enchanted_isle
Shoals:4: shoals_end_grunt_ice, layout_shoals, shoals_ilsuiw_ice,
          nicolae_shoals_spectral_cove
Spider:1: layout_spider_delve, hangedman_spider_tarantella_strand
Spider:2: layout_spider_delve
Spider:3: layout_spider_delve, nicolae_spider_webs_and_nodes
Spider:4: grunt_spider_rune_parallel, ebering_ghost_disaster_area
Slime:1:  layout_caves
Slime:2:  layout_caves
Slime:3:  layout_caves
Slime:4:  layout_caves
Slime:5:  slime_pit_nicolae_amoeboid
Orc:1:    layout_diamond_mine, serial_shops, nicolae_shop_pleasant_corner_grove,
          ebering_ghost_inner_flame, mines2_david
Orc:2:    st_orc_pillars, layout_diamond_mine, serial_shops,
          nicolae_shop_back_alley_shop
Elf:1:    minmay_elf_arrival_circle, layout_geoelf_diagonals,
          portal_desolation_entry_holy_temple, hangedman_elf_disciples,
          uniq_louise
Elf:2:    elven_hall_of_blades_hangedman_original
          [nicolae_blade_entry_sentries_behind_glass], layout_loops_ring
Elf:3:    elf_hall, layout_geoelf_castle, serial_shops, shop, minmay_shop_star,
          uniq_mara, uniq_norris
Vaults:1: vaults_room_pool, v_misc_29, hangedman_vaults_slither,
          hangedman_vaults_stream, vaults_dpeg_cross, vaults_mumra_minichess,
          nicolae_vaults_trapezoid_4, hangedman_vaults_corner_blocks, v_misc_32,
          nicolae_vaults_trapezoid_lopsided_1, hangedman_vaults_river_flow,
          vaults_dpeg_emergency_exit, layout_vaults_omnibox, serial_shops, shop
Vaults:2: gammafunk_ghost_wrathful_warriors, v_misc_9, vaults_room_boxed,
          nicolae_vaults_little_ls, nicolae_vaults_trapezoid_layered,
          ontoclasm_vaults_eye, nicolae_vaults_trapezoid_layered,
          nicolae_vaults_murder_corner, vaults_room_stairs_pillars,
          layout_vaults_omnigrid, uniq_aizul, uniq_zenata, uniq_frederick
Vaults:3: nicolae_vaults_back_hallway, hangedman_vaults_stagger,
          nicolae_vaults_little_squares_4, nicolae_vaults_frosty_reception,
          nicolae_vaults_storage_closets_2, grunt_vaults_twisty,
          nicolae_vaults_heart-shaped_vault, nicolae_vaults_ellipses_ellipsis,
          nicolae_vaults_variable_pillar_hall, layout_vaults_ring, uniq_donald,
          uniq_bai_suzhen
Vaults:4: nicolae_vaults_weapon_check, ontoclasm_vaults_loading_screen,
          nicolae_vaults_doubleplus_tesselated, hangedman_vaults_restitches,
          ontoclasm_vaults_fault, ontoclasm_vaults_loading_screen,
          vaults_room_corners, nicolae_vaults_network_barrier,
          nicolae_vaults_closet_pinwheel_2, nicolae_vaults_house_1,
          vaults_room_semicircle, nicolae_vaults_tetromino_Z_1,
          layout_vaults_omnicross
Vaults:5: serial_shops
Crypt:1:  layout_regular_city, st_stairs_2, grunt_crypt_arrival_split,
          grunt_megastairs_4, uniq_vv
Crypt:2:  layout_catacombs
Crypt:3:  evilmike_haunted_forest, uniq_khufu
Tomb:1
Tomb:2
Tomb:3
Depths:1: layout_long_grid, minmay_holes, hellmouth_3,
          hangedman_corner_corridor, serial_bayou_shore_b, uniq_enchantress,
          uniq_sojobo, uniq_asterion
Depths:2: minmay_the_grid_plus_closed [minmay_the_grid_doors,
          minmay_the_grid_box_x, minmay_the_grid_dragon_b,
          minmay_the_grid_pillar_ring, minmay_the_grid_prize_shrinking_boxes],
          layout_basic, roderic_serpentine_path, grunt_hell_entry_dis_grunt,
          rand_demon_pan_entry_7, uniq_josephina
Depths:3: nzn_winding_woodlands_medium [nzn_winding_woodlands_hourglass,
          nzn_winding_woodlands_5x15_pool, nzn_winding_woodlands_5x5_open_star,
          nzn_winding_woodlands_5x5_default, nzn_winding_woodlands_center_lodge,
          nzn_winding_woodlands_5x5_perimeter,
          nzn_winding_woodlands_5x5_checkerboard,
          nzn_winding_woodlands_5x15_eye,
          nzn_winding_woodlands_5x5_closed_star], layout_cave_pools,
          abyss_entry_crystal, hellmonk_okawaru_the_only_friend_you_need,
          hell_entry, rand_demon_pan_entry_8, uniq_margery
Depths:4: grunt_zot_entry_hairpin, layout_honeycomb, enter_ziggurat_f,
          serial_shops, shop, pf_coc_iceberg
Zot:1:    layout_concentric_octagons, lemuel_flame_loot_1,
          regret_index_zotdec_banners
Zot:2:    layout_cellular_growth
Zot:3:    layout_misc_corridors
Zot:4:    minmay_elemental_castle, layout_misc_corridors,
          regret_index_zotdec_wing_it, nicolae_diode_quadrants
Zot:5:    layout_basic

Skill      XL: |  1  2  3  4  5  6  7  8  9 10 11 12 13 14 15 16 17 18 19 20 21 22 23 24 25 26 27 |
---------------+----------------------------------------------------------------------------------+-----
Shields        | 3 4 5 6 7 8 9 10 11 12 13 14 15 16 17 | 17.7
Unarmed Combat | 3 4 5 6 8 10 11 14 17 18 19 20 21 22 23 24 26 27 | 27.0
Fighting       | 3 4 5 6 7 8 9 10 11 12 13 14 16 18 23 | 23.4
Dodging        | 3 5 6 7 8 9 10 12 13 | 13.3
Shapeshifting  | 8 13 17 20 22 23 24 25 | 25.5
Translocations | 4 5 6 |  6.6
Spellcasting   | 3 |  3.3
Stealth        | 2 5 10 | 10.1

Action                     |  1- 3 |  4- 6 |  7- 9 | 10-12 | 13-15 | 16-18 | 19-21 | 22-24 | 25-27 || total
---------------------------+-------+-------+-------+-------+-------+-------+-------+-------+-------++-------
  Melee: Unarmed           |    73 |    61 |   334 |   730 |  1262 |   999 |  1440 |  1919 |  2220 ||  9038
         Constrict         |       |       |       |       |       |       |    69 |       |       ||    69
  Throw: Boomerang         |     4 |     3 |    37 |    15 |    11 |     7 |       |       |       ||    77
         Stone             |     3 |       |     1 |       |       |       |       |       |       ||     4
         Dart              |       |       |     8 |     8 |     6 |     4 |     1 |       |       ||    27
         Large rock        |       |       |     4 |    10 |     4 |     3 |       |       |       ||    21
         Throwing net      |       |       |     2 |     2 |     3 |       |       |       |       ||     7
   Cast: Blink             |       |       |       |       |       |       |       |     5 |       ||     5
 Invoke: Serpent's Lash    |       |       |       |     4 |    18 |    20 |    27 |    10 |    22 ||   101
         Heavenly Storm    |       |       |       |       |     2 |     1 |     3 |     1 |     6 ||    13
Ability: Lunge             |       |       |     7 |    84 |   123 |   108 |   213 |   201 |   242 ||   978
         Whirlwind         |       |       |     1 |   257 |   677 |   465 |   659 |   867 |  1065 ||  3991
         Wall Jump         |       |       |       |     6 |    14 |     8 |    16 |    26 |    16 ||    86
         Begin Untransform |       |       |       |       |       |       |     2 |     1 |     7 ||    10
         Siphon Essence    |       |       |       |       |       |       |     2 |     2 |     1 ||     5
  Evoke: Wand              |       |     2 |     4 |     9 |       |     1 |     6 |     2 |    22 ||    46
         Phantom mirror    |       |       |       |       |       |       |     2 |     1 |       ||     3
         Lightning rod     |       |       |       |       |       |       |     1 |       |       ||     1
    Use: Scroll            |       |     3 |     3 |     4 |     8 |    12 |     6 |     3 |    18 ||    57
         Potion            |       |     2 |     1 |     5 |     4 |     6 |     5 |     2 |    10 ||    35
   Stab: Held in net/web   |       |       |     2 |     1 |       |       |       |       |       ||     3
         Paralysed         |       |       |       |     2 |       |       |       |       |       ||     2
         Distracted        |       |       |       |       |     1 |     1 |     4 |    10 |     6 ||    22
         Sleeping          |       |       |       |       |       |       |    22 |    31 |    38 ||    91
 Armour: Robe              |    36 |    28 |     3 |       |   114 |    77 |       |       |       ||   258
         Skin              |       |     6 |       |       |       |       |    84 |       |       ||    90
         Steam dragon scal |       |       |   201 |   109 |       |       |       |       |       ||   310
         Troll leather arm |       |       |       |   186 |   202 |       |   192 |   255 |       ||   835
         Ice dragon scales |       |       |       |       |       |   382 |   129 |       |       ||   511
         Acid dragon scale |       |       |       |       |       |       |       |   176 |   516 ||   692
  Dodge: Dodged            |    28 |     8 |   131 |   185 |   250 |   252 |   249 |   252 |   349 ||  1704
  Block: Kite shield       |    20 |    19 |   147 |   216 |   298 |   313 |   265 |   376 |   297 ||  1951
         Reflection        |       |       |       |       |       |       |     1 |     9 |     6 ||    16
         Tower shield      |       |       |       |       |       |       |       |       |   188 ||   188
   Form: Death             |       |       |       |       |       |       |     2 |     1 |     7 ||    10
         Anaconda          |       |       |       |       |       |       |     1 |       |       ||     1

Table legend: (Time is in decaauts)
 A = Elapsed time spent in this place.
 B = Non-inter-level travel time spent in this place.
 C = Inter-level travel time spent in this place.
 D = Time resting spent in this place.
 E = Time spent auto-exploring this place.
 F = Levels seen in this place.
 G = Mean time per level.
                   A        B        C        D        E       F      G
               +--------+--------+--------+--------+--------+-----+--------+
         Total |  55848 |  48752 |   7096 |   1951 |  27269 |  70 |  797.8 |
       Dungeon |  14269 |  12417 |   1852 |    441 |   7697 |  15 |  951.3 |
        Temple |     20 |     20 |      0 |      0 |      0 |   1 |   20.0 |
          Lair |   5353 |   4670 |    683 |    174 |   2994 |   5 | 1070.6 |
        Shoals |   4082 |   3914 |    168 |    373 |   2096 |   4 | 1020.5 |
   Spider Nest |   3446 |   3163 |    283 |    206 |   1888 |   4 |  861.5 |
    Slime Pits |    497 |    497 |      0 |      8 |      7 |   5 |   99.4 |
  Orcish Mines |   1562 |   1244 |    318 |      0 |    810 |   2 |  781.0 |
   Elven Halls |   2376 |   2290 |     86 |     28 |   1199 |   3 |  792.0 |
        Vaults |   6496 |   5395 |   1101 |      0 |   3368 |   5 | 1299.2 |
         Crypt |   4211 |   3228 |    983 |     21 |   2026 |   3 | 1403.7 |
          Tomb |   2045 |   1641 |    404 |     54 |    212 |   3 |  681.7 |
        Depths |   4797 |   4155 |    642 |     93 |   2528 |   4 | 1199.2 |
           Zot |   4888 |   4315 |    573 |    375 |   2290 |   5 |  977.6 |
      Ziggurat |    257 |    257 |      0 |     18 |      0 |   7 |   36.7 |
         Trove |     41 |     41 |      0 |      0 |      0 |   1 |   41.0 |
        Bailey |    615 |    615 |      0 |     89 |     87 |   1 |  615.0 |
      Ice Cave |    112 |    112 |      0 |     15 |      0 |   1 |  112.0 |
    Desolation |    774 |    774 |      0 |     54 |     65 |   1 |  774.0 |
               +--------+--------+--------+--------+--------+-----+--------+

Top non-repeatable levels by time:
 Crypt:3: 1952 daAuts
Depths:4: 1756 daAuts
Vaults:2: 1746 daAuts
    D:11: 1500 daAuts
Vaults:3: 1411 daAuts
    D:14: 1341 daAuts
Vaults:4: 1317 daAuts
  Tomb:1: 1251 daAuts
 Crypt:1: 1250 daAuts
  Lair:3: 1213 daAuts
   Zot:5: 1182 daAuts
   Zot:4: 1177 daAuts
Vaults:5: 1156 daAuts
     D:4: 1141 daAuts
Shoals:4: 1132 daAuts
